Map: Oiseau de foudre EC

Players

Stephano

  • Race: Zerg Zerg
  • Spawn Location: 5:00

ShaDoWn - Winner!

  • Race: Protoss Protoss
  • Spawn Location: 11:00

Event: 2019 WCS Summer

VOD

Have the link to the VOD?

Description

Time

  • Played on: July 12, 2019, 10:10 a.m.
  • Length: 8:50

All games in this series

Show
View Real Time Build Order
Export as new Build Order

Stephano Zerg 

Build Orders: Hatch First 

Get SALT Encoding   

  12  0:00  Drone  
  13  0:12  Overlord  
  13  0:17  Drone  
  14  0:30  Drone x2  
  16  0:47  Hatchery  
  15  0:51  Drone  
  15  0:55  Drone  
  17  1:00  Drone  
  18  1:10  Extractor  
  17  1:15  Spawning Pool  
  17  1:16  Drone  
  17  1:20  Drone  
  18  1:28  Drone  
  19  1:39  Drone  
  20  1:49  Drone  
  21  2:01  Queen x2  
  21  2:02  Zergling x2, Overlord  
  26  2:10  Drone  
  26  2:11  Drone  
  28  2:21  Drone x2  
  30  2:29  Spine Crawler  
  29  2:31  Spine Crawler  
  29  2:33  Spine Crawler  
  27  2:37  Roach Warren  
  27  2:43  Queen  
  28  2:51  Zergling x4  
  30  2:57  Metabolic Boost  
  30  3:01  Overlord  
  30  3:05  Extractor  
  29  3:16  Drone x3  
  29  3:18  Roach  
  34  3:23  Roach  
  34  3:25  Roach  
  38  3:32  Roach  
  40  3:42  Ravager  
  40  3:46  Zergling x6  
  44  3:52  Overlord x2  
  44  4:09  Ravager  
  43  4:10  Zergling x10  
  48  4:19  Ravager  
  48  4:22  Zergling x4  
  51  4:30  Roach  
  49  4:32  Queen  
  49  4:42  Roach x2  
  54  4:52  Ravager  
  54  4:53  Roach x2  
  59  5:00  Zergling x2  
  59  5:03  Ravager  
  57  5:15  Ravager  
  58  5:22  Zergling x2  
  58  5:23  Zergling x2  
  58  5:26  Extractor  
  52  5:44  Zergling x6  
  49  5:51  Ravager  
  49  5:56  Zergling x4  
  47  6:03  Roach  
  46  6:05  Hatchery  
  39  6:22  Roach  
  39  6:23  Roach  
  43  6:27  Ravager  
  43  6:28  Spawning Pool  
  41  6:41  Roach x2  
  41  6:44  Ravager  
  46  6:50  Overlord  
  46  6:56  Evolution Chamber, Ravager  
  43  7:09  Roach x2  
  47  7:17  Roach x2  
  47  7:19  Queen  
  53  7:26  Zergling x2  
  53  7:27  Zergling x2  
  55  7:30  Ravager  
  56  7:40  Ravager  
  55  7:49  Zergling x8  
  59  7:58  Zergling x2  
  53  8:13  Roach x3  
  53  8:14  Overlord  
  51  8:30  Roach x2  
  48  8:45  Ravager  
  48  8:46  Ravager  
Show
View Real Time Build Order
Export as new Build Order

ShaDoWn Protoss - Winner!

Build Orders:  

Get SALT Encoding   

  12  0:00  Probe  
  13  0:12  Probe  
  14  0:17  Pylon  
  14  0:24  Probe  
  15  0:34  Probe  
  15  0:37  Gateway  
  16  0:43  Probe  
  16  0:45  Assimilator  
  17  0:53  Probe  
  18  1:05  Probe  
  18  1:07  Forge  
  19  1:17  Probe  
  20  1:25  Pylon  
  20  1:27  Cybernetics Core  
  20  1:29  Probe  
  21  1:43  Photon Cannon  
  21  2:00  Photon Cannon  
  21  2:05  Photon Cannon  
  21  2:09  Robotics Facility  
  21  2:20  Shield Battery  
  21  2:24  Shield Battery  
  21  2:29  Shield Battery  
  21  2:36  Photon Cannon  
  21  2:49  Shield Battery  
  20  2:57  Photon Cannon  
  20  2:59  Immortal  
  20  3:04  Photon Cannon  
  24  3:21  Shield Battery  
  24  3:25  Immortal  
  24  3:28  Shield Battery  
  28  3:46  Shield Battery  
  28  3:54  Warp Prism  
  28  3:55  Shield Battery  
  29  4:19  Pylon  
  29  4:37  Immortal  
  33  5:00  Probe, Warp Gate  
  33  5:05  Photon Cannon  
  34  5:07  Immortal  
  34  5:17  Probe  
  39  5:22  Pylon  
  39  5:27  Pylon  
  39  5:46  Immortal  
  39  6:20  Immortal  
  39  6:29  Probe  
  40  6:42  Probe  
  40  6:44  Assimilator  
  41  6:54  Immortal  
  45  7:18  Probe  
  46  7:24  Nexus  
  46  7:26  Pylon  
  46  7:34  Immortal  
  50  7:49  Probe  
  51  7:52  Pylon  
  51  8:01  Probe  
  51  8:02  Zealot  
  54  8:11  Photon Cannon  
  54  8:13  Probe, Warp Prism  
Tags
 
Add a new tag
Caveats
  • Supply blocks, unpowered buildings, or Contaminate may cause inaccurate times.
  • Supply counts are checked every 10 seconds.